 Dungeon Crawl Stone Soup version 0.30-b1-2-g02819fbbbe (webtiles) character file.

Game seed: 12150538528176824952

28995 LLlMATKO the Fighter (level 13, -2/123 HPs)
             Began as a Minotaur Berserker on Sept 2, 2023.
             Was an Elder of Trog.
             Slain by Snorg (17 damage)
             ... on level 3 of the Lair of Beasts.
             The game lasted 00:21:45 (16286 turns).

LLlMATKO the Fighter (Minotaur Berserker)          Turns: 16286, Time: 00:21:46

Health: -2/123     AC: 34    Str: 27    XL:     13   Next: 12%
Magic:  12/12      EV:  6    Int:  4    God:    Trog [****..]
Gold:   645        SH: 14    Dex: 10    Spells: 12/12 levels left

rFire   . . .        y - +0 broad axe (elec)
rCold   + . .        F - +0 tower shield
rNeg    . . .        N - +1 crystal plate armour {rC+}
rPois   .            Q - +2 hat
rElec   .            S - +2 cloak {Will+}
rCorr   .            w - +0 pair of gloves
SInv    +            (no boots)
Will    +....        G - amulet of reflection Stlth
                     i - ring of see invisible
HPRegen 0.40/turn    B - +4 ring of protection
MPRegen 0.13/turn

%: reflection
@: about to teleport, on berserk cooldown, slowed, very slow
A: horns 2, retaliatory headbutt
a: Renounce Religion, Berserk, Trog's Hand, Brothers in Arms


You were on level 3 of the Lair of Beasts.
You worshipped Trog.
Trog was greatly pleased with you.
You visited 2 branches of the dungeon, and saw 13 of its levels.
You also visited: Sewer and Ice Cave.

You collected 776 gold pieces.
You spent 131 gold pieces at shops.

Inventory:

Hand Weapons
 a - a +1 hand axe of venom
 s - a +1 whip of freezing
 t - a +2 spear of flaming
 v - a +0 war axe
 y - a +0 broad axe of electrocution (weapon)
Missiles
 b - 43 poisoned darts (quivered)
 q - 7 curare-tipped darts
 u - 11 javelins
Armour
 w - a +0 pair of gloves (worn)
 F - a +0 tower shield (worn)
 N - a +1 crystal plate armour of cold resistance (worn)
 Q - a +2 hat (worn)
 S - a +2 cloak of willpower (worn)
Jewellery
 i - a ring of see invisible (left hand)
 B - a +4 ring of protection (right hand)
 G - an amulet of reflection (around neck)
 I - a ring of protection from cold
 J - a +6 ring of dexterity
 L - a ring of ice
Wands
 x - a wand of roots (16)
 A - a wand of acid (11)
 H - a wand of charming (9)
 K - a wand of flame (16)
 P - a wand of mindburst (6)
Scrolls
 c - 17 scrolls of identify
 h - 5 scrolls of blinking
 l - 5 scrolls of teleportation
 o - 2 scrolls of enchant armour
 E - a scroll of magic mapping
 M - 2 scrolls of enchant weapon
 O - a scroll of summoning
 T - a scroll of fear
 U - a scroll of fog
 V - a scroll of acquirement
Potions
 d - 3 potions of curing {unknown}
 e - 5 potions of might {unknown}
 f - 4 potions of degeneration {unknown}
 g - 2 potions of lignification {unknown}
 j - 3 potions of magic {unknown}
 k - a potion of cancellation {unknown}
 m - 6 potions of heal wounds {unknown}
 n - a potion of invisibility
 p - 3 potions of attraction {unknown}
 r - 6 potions of haste {unknown}
 z - 4 potions of berserk rage {unknown}
 D - 2 potions of ambrosia {unknown}
 R - a potion of resistance
Miscellaneous
 C - a lightning rod (4/4)


   Skills:
 + Level 13.9 Fighting
 + Level 13.9 Axes
 + Level 13.6 Armour
 + Level 12.6 Dodging


You had 12 spell levels left.
You didn't know any spells.
Your spell library was empty.

Dungeon Overview and Level Annotations

Branches:
Dungeon (10/15)            Temple (0/1) D:4            Lair (3/5) D:10
  Swamp (0/4) Lair:3       Spider (0/4) Lair:2          Orc (0/2) D:9
  Sewer (visited)           IceCv (visited)

Altars:
Ashenzari
Dithmenos
Hepliaklqana
Kikubaaqudgha
Makhleb
Qazlal
Sif Muna
Vehumet
Yredelemnul
The Shining One

Shops:
D:3 !   D:8 [:**   D:10 :

Annotations:
D:8 2 transporters, Ramwell's ghost, novice MiFi
Lair:3 Snorg


Innate Abilities, Weirdness & Mutations

You have a pair of horns on your head.
You reflexively headbutt those who attack you in melee.


Message History

Snorg bites you but does no damage. You block Snorg's attack. x2
You hit Snorg.
Snorg is heavily wounded.
Snorg bites you! You block Snorg's attack. x2
You barely miss Snorg.
Snorg is heavily wounded.
You block Snorg's attack. x2; Snorg claws you but does no damage.
You closely miss Snorg. You headbutt Snorg.
Snorg is heavily wounded.
You block Snorg's attack. x2; Snorg claws you!
You slice Snorg!! You headbutt Snorg.
Snorg is severely wounded.
You block Snorg's attack. Snorg claws you but does no damage.
You block Snorg's attack. Snorg bites you but does no damage. Snorg claws you!
* * * LOW HITPOINT WARNING * * *
You block Snorg's attack.
You completely miss Snorg. You headbutt Snorg.
Snorg is severely wounded.
Snorg bites you!
* * * LOW HITPOINT WARNING * * *
Snorg claws you.
* * * LOW HITPOINT WARNING * * *
You block Snorg's attack.
You closely miss Snorg. Your headbutt misses Snorg.
Snorg is severely wounded.
Snorg bites you!
* * * LOW HITPOINT WARNING * * *
Snorg claws you!
* * * LOW HITPOINT WARNING * * *
You block Snorg's attack.
You closely miss Snorg.
Snorg is severely wounded.
You are no longer berserk.
You are exhausted.
You feel yourself slow down. You block Snorg's attack.
Snorg claws you but does no damage. You block Snorg's attack.
Unknown command.
As you read the scroll of teleportation, it crumbles to dust.
You feel strangely unstable.
You block Snorg's attack. x2; Snorg claws you!
You die...

........................♣♣♣♣♣♣♣##
..................PP~~~~P~~P♣*
..................~~P~~P~P~≈~♣
..................~~~P~P~≈≈≈P♣*
...................~~~~~P≈≈≈≈P♣*
..................PP~~~≈≈≈≈≈≈≈~*
....................~PP≈≈≈≈≈≈≈~*
....................~~P≈~≈≈≈≈~~*
................@..~~~~P~~~~~~~*
................T.P~~~~P~~~~~~**
..................P~P~~~~~~~***
..................P~~~P~~~***
......................~#***
~~~.....................,**
≈~~.................##..,,*
~~~............##...#*..,,**
≈≈~............**,,,**,**,,*


You could see Snorg (berserk).

Vanquished Creatures
  A reaper (IceCv)
  Erica (D:8)
  A two-headed ogre (D:10)
  5 death yaks (Lair:3)
  A skyshark (Lair:2)
  Pikel (D:4)
  2 oklob plants
  An ugly thing (D:9)
  A cyclops (D:9)
  5 elephants (Lair:2)
  An unseen horror (D:8)
  8 cane toads
  2 gargoyles (D:10)
  2 ice statues (IceCv)
  5 komodo dragons
  2 rime drakes
  Psyche (D:8)
  6 ice devils (IceCv)
  A freezing wraith (IceCv)
  Grinder (D:4)
  A tarantella (Lair:2)
  A troll (D:10)
  Prince Ribbit (D:5)
  Sigmund (D:5)
  A shadow (D:10)
  20 yaks
  5 wyverns
  3 wraiths
  A steam dragon (D:8)
  2 basilisks (Lair:1)
  A death yak simulacrum (IceCv)
  A catoblepas simulacrum (Lair:1)
  A harpy simulacrum (IceCv)
  Menkaure (D:5)
  An acid dragon (D:8)
  A hydra simulacrum (Lair:1)
  2 water moccasins
  A black bear (D:7)
  A sky beast (D:4)
  6 orc warriors
  2 ice beasts
  3 ogres
  2 phantoms
  4 centaurs
  Blork the orc (D:5)
  7 kobold brigands
  5 bullfrogs
  A gnoll sergeant (D:9)
  2 cane toad simulacra (IceCv)
  2 two-headed ogre simulacra (IceCv)
  2 scorpions
  10 wights
  An elephant simulacrum (IceCv)
  7 howler monkeys
  A lava snake (D:10)
  2 jellies (D:6)
  Crazy Yiuf (D:6)
  2 orc priests
  2 hounds (D:5)
  A wyvern simulacrum (Lair:1)
  A gnoll bouda (D:5)
  Jessica (D:2)
  An iguana (D:5)
  3 sleepcaps
  A yak simulacrum (Lair:1)
  Ijyb (D:5)
  9 orc wizards
  4 hell rats (Lair:1)
  A spriggan simulacrum (IceCv)
  A troll simulacrum (IceCv)
  A polar bear simulacrum (IceCv)
  3 wolf simulacra (IceCv)
  8 gnolls
  13 adders
  4 naga simulacra (IceCv)
  3 river rats (Sewer)
  A shadow imp (D:5)
  16 white imps
  4 ufetubi
  3 worms
  A dart slug (D:4)
  42 orcs
  9 bats
  11 endoplasms
  A giant cockroach (D:4)
  2 goblins
  8 hobgoblins
  4 jackals (D:4)
  A quokka (D:3)
  8 ball pythons
  3 frilled lizards
  17 kobolds
  8 rats
  A bush (Lair:2)
353 creatures vanquished.

Vanquished Creatures (collateral kills)
  2 cane toads (Lair:1)
  A hydra simulacrum (Lair:1)
  A rime drake simulacrum (Lair:1)
  An orc priest (D:9)
  5 orcs (D:9)
10 creatures vanquished.

Vanquished Creatures (others)
  4 fungi
  14 plants
18 creatures vanquished.

Grand Total: 381 creatures vanquished

Notes
Turn   | Place    | Note
-------+----------+-------------------------------------------
     0 | D:1      | LLlMATKO the Minotaur Berserker began the quest for the
                  | Orb.
     0 | D:1      | Reached XP level 1. HP: 19/19 MP: 0/0
   176 | D:1      | Reached XP level 2. HP: 27/27 MP: 1/1
  1059 | D:2      | Reached XP level 3. HP: 33/33 MP: 2/2
  1389 | D:2      | Noticed Jessica
  1398 | D:2      | Killed Jessica
  1399 | D:2      | Reached XP level 4. HP: 36/41 MP: 3/3
  1749 | D:3      | Found Ivvaz's Distillery.
  1809 | D:3      | Found a burning altar of Makhleb.
  1856 | D:3      | Found a hazy altar of Hepliaklqana.
  1989 | D:3      | Found a shadowy altar of Dithmenos.
  1992 | D:3      | Found a stormy altar of Qazlal.
  2160 | D:3      | Reached ** piety under Trog
  2552 | D:4      | Reached XP level 5. HP: 38/47 MP: 4/4
  2744 | D:4      | Found a staircase to the Ecumenical Temple.
  2763 | D:4      | Noticed an ogre
  2770 | D:4      | Killed an ogre
  2771 | D:4      | Reached skill level 5 in Fighting
  2771 | D:4      | Reached skill level 5 in Axes
  2771 | D:4      | Reached XP level 6. HP: 43/56 MP: 5/5
  2859 | D:4      | Noticed Grinder
  2876 | D:4      | Paralysed by Grinder for 4 turns
  2880 | D:4      | Killed Grinder
  2881 | D:4      | Reached XP level 7. HP: 55/62 MP: 6/6
  3043 | D:4      | Found a glowing drain.
  3048 | D:4      | Reached skill level 5 in Armour
  3056 | Sewer    | Entered a sewer
  3545 | Sewer    | Reached skill level 5 in Dodging
  3792 | Sewer    | Reached XP level 8. HP: 43/71 MP: 7/7
  3995 | Sewer    | Reached *** piety under Trog
  4464 | D:4      | Noticed Pikel
  4471 | D:4      | Killed Pikel
  4716 | D:5      | Entered Level 5 of the Dungeon
  4872 | D:5      | Reached XP level 9. HP: 71/81 MP: 8/8
  5030 | D:5      | Found a shimmering blue altar of Sif Muna.
  5031 | D:5      | Found an ancient bone altar of Kikubaaqudgha.
  5032 | D:5      | Found a radiant altar of Vehumet.
  5087 | D:5      | Noticed Prince Ribbit
  5106 | D:5      | Killed Prince Ribbit
  5263 | D:5      | Noticed Sigmund
  5274 | D:5      | Killed Sigmund
  5300 | D:5      | Noticed Blork the orc
  5313 | D:5      | Killed Blork the orc
  5315 | D:5      | Noticed Ijyb
  5329 | D:5      | Killed Ijyb
  5583 | D:5      | Noticed Menkaure
  5589 | D:5      | Killed Menkaure
  5801 | D:6      | Found a glowing golden altar of the Shining One.
  5912 | D:6      | Reached **** piety under Trog
  6120 | D:6      | You fall into a shaft and drop 2 floors!
  6127 | D:8      | Found a transporter.
  6397 | D:6      | Found a basalt altar of Yredelemnul.
  6597 | D:6      | Found a runed translucent door.
  6598 | D:6      | Noticed Crazy Yiuf
  6606 | D:6      | Killed Crazy Yiuf
  6920 | D:7      | Reached XP level 10. HP: 91/91 MP: 9/9
  7415 | D:8      | Noticed Psyche
  7429 | D:8      | Killed Psyche
  7497 | D:8      | Found a transporter.
  7503 | D:8      | Noticed Ramwell's ghost (novice MiFi)
  7516 | D:8      | Identified the +6 hand axe "Xuysta" {flame, rN+ Int+3
                  | Dex+3}
  7687 | D:8      | Found Eczy's General Store.
  7689 | D:8      | Found Nuddu's General Store.
  7691 | D:8      | Found Roekafei's Armour Shoppe.
  7692 | D:8      | Found Meaba's Book Shoppe.
  7701 | D:8      | Bought a +0 tower shield for 67 gold pieces
  7773 | D:8      | Found a broken altar of Ashenzari.
  7839 | D:8      | Noticed Erica
  7850 | D:8      | Killed Erica
  7851 | D:8      | Reached skill level 10 in Fighting
  7851 | D:8      | Reached skill level 10 in Axes
  8242 | D:8      | Reached skill level 10 in Armour
  9142 | D:9      | Noticed a cyclops
  9151 | D:9      | Killed a cyclops
  9152 | D:9      | Reached XP level 11. HP: 95/101 MP: 10/10
  9564 | D:9      | Noticed a brown ugly thing
  9576 | D:9      | Killed a brown ugly thing
  9717 | D:9      | Found a staircase to the Orcish Mines.
 10543 | D:10     | Entered Level 10 of the Dungeon
 10587 | D:10     | Noticed an oklob plant
 10653 | D:10     | Found a staircase to the Lair.
 10936 | D:10     | Noticed a walking earthen tome
 10938 | D:10     | Found Itamoune's Book Shop.
 10940 | D:10     | Noticed a walking earthen tome
 10949 | D:10     | Noticed a two-headed ogre
 10960 | D:10     | Reached skill level 10 in Dodging
 10964 | D:10     | Killed a two-headed ogre
 11544 | D:8      | Bought a +0 broad axe for 64 gold pieces
 11636 | D:10     | Killed an oklob plant
 11714 | Lair:1   | Entered Level 1 of the Lair of Beasts
 11716 | Lair:1   | Identified a scroll of acquirement
 11716 | Lair:1   | Acquired a +0 broad axe of electrocution
 11736 | Lair:1   | Found a transporter.
 11916 | Lair:1   | Found a frozen archway.
 11929 | Lair:1   | Reached ***** piety under Trog
 11934 | IceCv    | Entered an ice cave
 12757 | IceCv    | Reached XP level 12. HP: 102/112 MP: 11/11
 13000 | IceCv    | Noticed a reaper
 13011 | IceCv    | Killed a reaper
 13944 | Lair:1   | Found a transporter.
 14870 | Lair:2   | Found a hole to the Spider Nest.
 15421 | Lair:2   | You fall into a shaft and drop 1 floor!
 15913 | Lair:3   | Noticed a death yak
 15913 | Lair:3   | Noticed a death yak
 15914 | Lair:3   | Noticed a death yak
 15914 | Lair:3   | Noticed a death yak
 15916 | Lair:3   | Noticed a death yak
 15920 | Lair:3   | Killed a death yak
 15921 | Lair:3   | Reached XP level 13. HP: 123/123 MP: 12/12
 16129 | Lair:3   | Found a staircase to the Swamp.
 16266 | Lair:3   | Noticed Snorg
 16286 | Lair:3   | Slain by Snorg

Illustrated notes

Levels and vault maps discovered:
D:1:      erik_arrival_blinker_ship, layout_basic
D:2:      layout_basic, uniq_jessica
D:3:      layout_basic, nicolae_hepliaklqana_hazy_memory,
          nicolae_overflow_squiral, mainiacjoe_overflow_alcove_2, serial_shops,
          nicolae_diamond_shop, chequers_serial_rivers_small_3
D:4:      layout_gridville, minmay_temple_entry_purple_smoke,
          portal_sewer_entry_d, nicolae_underground_beach, uniq_pikel,
          uniq_grinder
D:5:      layout_rooms, grunt_temple_overflow_magic_moments, uniq_blork_the_orc,
          uniq_menkaure, uniq_prince_ribbit1, uniq_sigmund, uniq_ijyb
D:6:      layout_gridville, mainiacjoe_overflow_alcove_1,
          mainiacjoe_overflow_small_starburst, uniq_crazy_yiuf_cottage
D:7:      layout_rooms
D:8:      layout_basic, mainiacjoe_overflow_24_doors, nzn_ghost_randoct,
          minmay_shop_grid_forest, kennysheep_generic_room_7, uniq_psyche,
          uniq_erica
D:9:      layout_loops_corners, erik_orc_3, chequers_arboretum, minivault_20
D:10:     layout_roguey, dpeg_oklobed_lair, serial_shops,
          nicolae_shop_mannequins, nicolae_lava_and_water,
          kennysheep_generic_room_16
Lair:1:   gammafunk_cloud_chamber, layout_long_grid, portal_ice_cave_entry_imps
Lair:2:   layout_cave_shapes, spider_nest_entry_rubble,
          minmay_lair_oklob_bushes, grunt_megastairs_2
Lair:3:   layout_cave_shapes, swamp_mist, infiniplex_staircase_pool_2,
          lemuel_fruit_tree, grunt_megastairs_4, serial_bayou_shore_a,
          uniq_snorg

Skill      XL: |  1  2  3  4  5  6  7  8  9 10 11 12 |
---------------+-------------------------------------+-----
Fighting       | 4 5 6 8 9 10 12 13 | 13.9
Axes           | 4 5 6 7 9 10 12 13 | 13.9
Armour         | 3 4 5 7 9 10 12 13 | 13.6
Dodging        | 3 4 5 6 8 9 11 12 | 12.6

Action                     |  1- 3 |  4- 6 |  7- 9 | 10-12 | 13-15 || total
---------------------------+-------+-------+-------+-------+-------++-------
  Melee: Hand axe          |    53 |    69 |   251 |   209 |       ||   582
         Headbutt          |     7 |    13 |    39 |   124 |     9 ||   192
         Punch             |       |     2 |     3 |       |       ||     5
         Battleaxe         |       |       |    51 |    28 |       ||    79
         Unarmed           |       |       |       |     7 |       ||     7
         Broad axe         |       |       |       |   272 |    26 ||   298
  Throw: Dart              |       |       |     3 |    11 |       ||    14
 Invoke: Berserk           |     2 |     2 |     8 |    20 |     1 ||    33
         Trog's Hand       |       |     1 |       |     5 |       ||     6
         Brothers in Arms  |       |       |       |     2 |       ||     2
    Use: Scroll            |       |     9 |       |     7 |     3 ||    19
   Stab: Petrified         |       |       |       |     1 |       ||     1
 Armour: Animal skin       |     3 |       |       |       |       ||     3
         Ring mail         |    23 |     9 |       |       |       ||    32
         Scale mail        |       |    17 |   102 |    46 |       ||   165
         Skin              |       |       |       |     1 |       ||     1
         Plate armour      |       |       |       |    87 |       ||    87
         Crystal plate arm |       |       |       |    97 |    14 ||   111
  Dodge: Dodged            |    29 |    40 |   162 |   156 |    10 ||   397
  Block: Tower shield      |       |       |       |   238 |    33 ||   271
         Reflection        |       |       |       |    12 |       ||    12
         Buckler           |       |       |       |    51 |       ||    51
